 Dungeon Crawl Stone Soup version 0.27.0-1-g7a089689b8 (webtiles) character file.

Game seed: 13306698402912633164

9031 SnakkuSnakku7 the Grappler (level 11, -3/102 HPs)
             Began as a Troll Fire Elementalist on Aug 9, 2021.
             Was an Elder of Makhleb.
             Slain by a seven-headed hydra (5 damage)
             ... while petrified by a basilisk
             ... on level 13 of the Dungeon.
             The game lasted 00:10:52 (7054 turns).

SnakkuSnakku7 the Grappler (TrFE)                   Turns: 7054, Time: 00:10:53

Health: -3/102     AC:  9    Str: 24    XL:     11   Next: 17%
Magic:  11/11      EV:  1    Int: 11    God:    Makhleb [****..]
Gold:   381        SH:  0    Dex: 13    Spells: 11/12 levels left

rFire    . . .     SeeInvis .     - Unarmed
rCold    . . .     Faith    .   y - +0 kite shield
rNeg     + + +     Spirit   .   A - +0 acid dragon scales
rPois    ∞         Reflect  .   (helmet restricted)
rElec    .         Harm     .   (no cloak)
rCorr    +         Rampage  .   (gloves unavailable)
Will     .....                  (boots unavailable)
Stlth    +.........             a - amulet of the acrobat
HPRegen  1.27/turn              l - +4 ring of slaying
MPRegen  0.12/turn              F - +6 ring of strength

@: petrified
A: large, unfitting armour, claws 3, regeneration 1, shaggy fur 1, tough skin 1
a: Renounce Religion, Minor Destruction, Lesser Servant of Makhleb, Major
Destruction


You were on level 13 of the Dungeon.
You worshipped Makhleb.
Makhleb was greatly pleased with you.
You visited 2 branches of the dungeon, and saw 14 of its levels.

You collected 799 gold pieces.
You spent 418 gold pieces at shops.

Inventory:

Missiles
 x - 2 throwing nets
Armour
 y - a +0 kite shield (worn)
 A - +0 acid dragon scales (worn)
Jewellery
 a - an amulet of the acrobat (around neck)
 l - a +4 ring of slaying (left claw)
 r - a ring of protection from fire
 C - a ring of resist corrosion
 D - a ring of ice
 F - a +6 ring of strength (right claw)
 H - a ring of positive energy
 L - a ring of poison resistance
Wands
 k - a wand of flame (41)
 p - a wand of mindburst (33)
 w - a wand of paralysis (10)
Scrolls
 c - 4 scrolls of teleportation
 e - 2 scrolls of fear {unknown}
 g - a scroll of amnesia {unknown}
 h - 3 scrolls of noise {unknown}
 i - 2 scrolls of enchant armour {unknown}
 m - a scroll of holy word {unknown}
 u - 2 scrolls of vulnerability {unknown}
 v - 3 scrolls of enchant weapon {unknown}
 G - a scroll of immolation {unknown}
 I - 3 scrolls of blinking {unknown}
 J - 2 scrolls of magic mapping {unknown}
Potions
 b - 11 potions of curing
 d - 2 potions of cancellation {unknown}
 f - 3 potions of haste
 j - a potion of lignification
 n - 2 potions of brilliance {unknown}
 o - a potion of attraction {unknown}
 q - 2 potions of magic {unknown}
 s - a potion of might
 z - a potion of berserk rage
 B - 3 potions of heal wounds {unknown}
 K - 2 potions of flight {unknown}
 M - a potion of mutation


   Skills:
 - Level 5.0 Fighting
 + Level 6.1 Armour
 - Level 1.5 Dodging
 - Level 1.0 Stealth
 - Level 9.0 Shields
 - Level 10.0 Unarmed Combat
 - Level 1.2 Spellcasting
 - Level 0.6 Conjurations
 - Level 2.1 Fire Magic


You had 11 spell levels left.
You knew the following spells:

 Your Spells              Type           Power      Damage    Failure   Level
a - Foxfire               Conj/Fire      12%        2x1d4     22%         1

Your spell library contained the following spells:

 Spells                   Type           Power      Damage    Failure   Level
 Magic Dart               Conj           8%         1d3       30%         1
 Apportation              Tloc           0%         N/A       36%         1
 Corona                   Hex            0%         N/A       36%         1
 Sandblast                Erth           0%         2d4       36%         1
 Call Imp                 Summ           0%         N/A       52%         2
 Ensorcelled Hibernation  Hex/Ice        0%         N/A       52%         2
 Passwall                 Tmut/Erth      0%         N/A       52%         2
 Slow                     Hex            0%         N/A       52%         2
 Conjure Flame            Conj/Fire      3%         6-21      54%         3
 Inner Flame              Hex/Fire       3%         N/A       58%         3
 Dazzling Flash           Conj/Hex       2%         N/A       71%         3
 Mephitic Cloud           Conj/Pois/Air  1%         N/A       71%         3
 Call Canine Familiar     Summ           0%         N/A       75%         3
 Confusing Touch          Hex            0%         N/A       75%         3
 Portal Projectile        Hex/Tloc       0%         N/A       75%         3
 Tukima's Dance           Hex            0%         N/A       75%         3
 Vampiric Draining        Necr           0%         2d6       75%         3
 Sticky Flame             Conj/Fire      3%         2d3       91%         4
 Iskenderun's Mystic Bla  Conj/Tloc      1%         2d3       98%         4
 Leda's Liquefaction      Hex/Erth       0%         N/A       98%         4
 Fireball                 Conj/Fire      1%         3d3       99%         5
 Agony                    Necr           0%         N/A       100%        5
 Alistair's Intoxication  Tmut/Pois      0%         N/A       100%        5
 Lee's Rapid Deconstruct  Erth           0%         3d5*      100%        5
 Silence                  Hex/Air        0%         N/A       100%        5
 Invisibility             Hex            0%         N/A       100%        6
 Starburst                Conj/Fire      1%         8x6d3     100%        6


Dungeon Overview and Level Annotations

Branches:
Dungeon (14/15)            Temple (1/1) D:4
   Lair: D:8-11         Orc: D:9-12      Vaults: D:13-14

Altars:
Ashenzari
Elyvilon
Fedhas
Makhleb
Nemelex Xobeh
Okawaru
Ru
Sif Muna
Trog
Uskayaw
Wu Jian
Xom
Zin

Shops:
D:2 *   D:9 (   D:10 *

Portals:
Abyss: D:7

Annotations:
D:6 dig cash
D:7 2 transporters, Strat's ghost, novice DDGl


Innate Abilities, Weirdness & Mutations

You are too large for most types of armour.
You have claws for hands.
Your natural rate of healing is unusually fast.
You are covered in fur. (AC +1)
You have tough skin. (AC +1)


Message History

You closely miss the basilisk.
The basilisk is severely wounded.
Your surroundings suddenly seem different.
A seven-headed hydra comes into view.
The seven-headed hydra roars!
A two-headed ogre comes into view.
It is wielding a +0 giant spiked club and a +0 giant club.
The two-headed ogre shouts in stereo!
You have turned to stone.
Found 3 boomerangs.
The two-headed ogre hits you with a +0 giant spiked club!!
The two-headed ogre hits you with a +0 giant club.
The two-headed ogre hits you with a +0 giant spiked club!
The two-headed ogre hits you with a +0 giant club!
The two-headed ogre hits you with a +0 giant spiked club!!
* * * LOW HITPOINT WARNING * * *
The two-headed ogre hits you with a +0 giant club!
* * * LOW HITPOINT WARNING * * *
The two-headed ogre hits you with a +0 giant spiked club!
* * * LOW HITPOINT WARNING * * *
The two-headed ogre hits you with a +0 giant club.
* * * LOW HITPOINT WARNING * * *
The seven-headed hydra bites you but does no damage.
The seven-headed hydra bites you.
* * * LOW HITPOINT WARNING * * *
The seven-headed hydra bites you!
* * * LOW HITPOINT WARNING * * *
The seven-headed hydra bites you but does no damage.
The seven-headed hydra bites you!
* * * LOW HITPOINT WARNING * * *
The seven-headed hydra bites you.
* * * LOW HITPOINT WARNING * * *
The seven-headed hydra bites you but does no damage.
The seven-headed hydra bites you but does no damage. x2
The seven-headed hydra bites you.
* * * LOW HITPOINT WARNING * * *
The seven-headed hydra bites you.
* * * LOW HITPOINT WARNING * * *
The seven-headed hydra completely misses you.
The seven-headed hydra bites you!
You die...

..............
#.............
#.............
#.............
#.............
#....(........
#....OD......
#...@......#
############


You could see a seven-headed hydra and a two-headed ogre.

Vanquished Creatures
  2 two-headed ogres
  Maggie (D:8)
  A gargoyle (D:6)
  A kobold demonologist (D:14)
  A komodo dragon (D:10)
  2 trolls
  2 wraiths
  A wyvern (D:10)
  A steam dragon (D:10)
  4 yaks (D:11)
  6 vampire mosquitoes
  2 acid dragons
  A swamp worm (D:13)
  A water moccasin (D:9)
  An orc warrior (D:7)
  An ice beast (D:5)
  2 necrophages
  A sky beast (D:6)
  3 ogres
  A boggart (D:14)
  6 centaurs
  A phantom (D:7)
  5 kobold brigands
  A scorpion (D:6)
  5 killer bees (D:8)
  5 wights (D:9)
  7 howler monkeys
  2 centaur zombies
  A bullfrog zombie (D:5)
  2 jellies
  3 hounds
  6 orc priests
  A centaur skeleton (D:6)
  2 gnoll shamans
  2 iguanas
  11 orc wizards
  Natasha (thrice) (D:2)
  Ijyb (D:4)
  Terence (D:2)
  2 killer bee zombies
  2 howler monkey zombies
  5 adders
  8 gnolls
  A shadow imp (D:7)
  2 white imps
  An ufetubus (D:4)
  A worm (D:2)
  An adder skeleton (D:4)
  27 orcs
  4 ball pythons
  7 endoplasms
  2 giant cockroaches
  8 goblins
  4 hobgoblins
  4 jackals
  16 kobolds
  5 quokkas
  2 bats (D:1)
  2 frilled lizards
  3 rats
207 creatures vanquished.

Vanquished Creatures (others)
  4 plants (D:13)
4 creatures vanquished.

Grand Total: 211 creatures vanquished

Notes
Turn   | Place    | Note
-------+----------+-------------------------------------------
     0 | D:1      | SnakkuSnakku7 the Troll Fire Elementalist began the quest
                  | for the Orb.
     0 | D:1      | Reached XP level 1. HP: 16/16 MP: 1/1
   310 | D:1      | Reached skill level 1 in Unarmed Combat
   332 | D:1      | Reached XP level 2. HP: 26/26 MP: 2/2
   337 | D:1      | Reached skill level 1 in Fighting
   650 | D:2      | Reached XP level 3. HP: 32/33 MP: 3/3
   654 | D:2      | Found Mefosmy's Assorted Antiques.
   658 | D:2      | Bought a scroll labelled CIMY UREOVOAB for 19 gold pieces
   681 | D:2      | Found a faded altar of an unknown god.
   709 | D:2      | Noticed Natasha
   713 | D:2      | Killed Natasha
   714 | D:2      | Reached skill level 2 in Unarmed Combat
   732 | D:2      | Reached XP level 4. HP: 42/42 MP: 4/4
   747 | D:2      | Noticed Natasha
   755 | D:2      | Killed Natasha
   873 | D:2      | Noticed Terence
   913 | D:2      | Killed Terence
   914 | D:2      | Reached skill level 3 in Unarmed Combat
  1339 | D:2      | Bought a scroll labelled ECSIDDOTUCH for 19 gold pieces
  1343 | D:2      | Noticed Natasha
  1351 | D:2      | Killed Natasha
  1352 | D:2      | Reached XP level 5. HP: 41/50 MP: 5/5
  1695 | D:3      | Found a shimmering blue altar of Sif Muna.
  2259 | D:2      | Bought a scroll labelled PAIPRO CAOFEY for 19 gold pieces
  2259 | D:2      | Bought a pink potion for 17 gold pieces
  2259 | D:2      | Bought a blue potion for 17 gold pieces
  2259 | D:2      | Bought an inky potion for 17 gold pieces
  2302 | D:4      | Noticed a centaur
  2325 | D:3      | Killed a centaur
  2326 | D:3      | Reached skill level 4 in Unarmed Combat
  2326 | D:3      | Reached XP level 6. HP: 43/61 MP: 6/6
  2485 | D:4      | Noticed Ijyb
  2490 | D:4      | Found the +3 warlock's mirror {reflect}
  2497 | D:4      | Killed Ijyb
  2540 | D:4      | Found a staircase to the Ecumenical Temple.
  2549 | Temple   | Entered the Ecumenical Temple
  2578 | Temple   | Became a worshipper of Makhleb the Destroyer
  2733 | D:4      | Found a large runed translucent door.
  2740 | D:4      | Found a large runed translucent door.
  2828 | D:4      | Found a broken altar of Ashenzari.
  2838 | D:4      | Found a sparkling altar of Nemelex Xobeh.
  2865 | D:5      | Entered Level 5 of the Dungeon
  2923 | D:5      | Reached skill level 5 in Unarmed Combat
  2923 | D:5      | Reached XP level 7. HP: 70/70 MP: 7/7
  3239 | D:5      | Found a hide-covered altar of Uskayaw.
  3381 | D:5      | Reached skill level 5 in Fighting
  3381 | D:5      | Reached skill level 6 in Unarmed Combat
  3635 | D:6      | Reached XP level 8. HP: 77/80 MP: 8/8
  3666 | D:6      | Reached * piety under Makhleb
  3667 | D:6      | Reached skill level 7 in Unarmed Combat
  3792 | D:6      | Found a glowing silver altar of Zin.
  3954 | D:6      | Noticed a gargoyle
  3966 | D:6      | Killed a gargoyle
  3967 | D:6      | Reached skill level 8 in Unarmed Combat
  3999 | D:6      | Reached skill level 9 in Unarmed Combat
  4139 | D:6      | HP: 4/80 [acid dragon (2)]
  4198 | D:7      | Found a blossoming altar of Fedhas.
  4246 | D:7      | Reached XP level 9. HP: 46/88 MP: 9/9
  4270 | D:7      | Reached skill level 10 in Unarmed Combat
  4278 | D:6      | Reached skill level 1 in Shields
  4323 | D:7      | Reached ** piety under Makhleb
  4420 | D:7      | Found a one-way gate to the infinite horrors of the Abyss.
  4420 | D:7      | Noticed Strat's ghost (novice DDGl)
  4469 | D:7      | Identified the +2 pair of gloves "Hephaneb" {*Corrode Fly
                  | Str+3 Int+5}
  4471 | D:7      | Found a transporter.
  4477 | D:7      | Found a transporter.
  4573 | D:7      | Found an ornate altar of the Wu Jian Council.
  4710 | D:7      | Found a sacrificial altar of Ru.
  5168 | D:8      | Reached skill level 5 in Shields
  5303 | D:8      | Noticed Maggie
  5328 | D:8      | Killed Maggie
  5400 | D:8      | Reached *** piety under Makhleb
  5594 | D:9      | Found a shimmering altar of Xom.
  5599 | D:9      | Reached XP level 10. HP: 80/96 MP: 10/10
  5732 | D:9      | Found Witukkykk's Weapon Emporium.
  5895 | D:9      | Noticed a two-headed ogre
  5925 | D:9      | Killed a two-headed ogre
  6087 | D:10     | Entered Level 10 of the Dungeon
  6177 | D:10     | Identified the +0 pair of gloves of the Inquisitive Knaves
                  | {Int+2}
  6252 | D:10     | Reached skill level 1 in Armour
  6314 | D:10     | Found Rymaleedd's Assorted Antiques.
  6366 | D:10     | Bought a scroll labelled KOUVOR XAIRGHU for 29 gold pieces
  6366 | D:10     | Bought 2 scrolls labelled YGAAFATUCH for 58 gold pieces
  6366 | D:10     | Bought 2 glowing green potions for 52 gold pieces
  6366 | D:10     | Bought a shiny copper ring for 145 gold pieces
  6366 | D:10     | Bought a fizzy yellow potion for 26 gold pieces
  6500 | D:10     | Identified the +5 hand axe "Digo" {drain, rPois MP+9}
  6733 | D:11     | You fall into a shaft and drop 3 floors!
  6764 | D:14     | Noticed a boulder beetle
  6792 | D:14     | Noticed a centaur warrior
  6934 | D:13     | Noticed a two-headed ogre
  6948 | D:13     | Reached XP level 11. HP: 102/102 MP: 11/11
  6952 | D:13     | Killed a two-headed ogre
  6953 | D:13     | Reached skill level 5 in Armour
  6953 | D:13     | Reached **** piety under Makhleb
  6985 | D:13     | Noticed a centaur warrior
  6987 | D:13     | Noticed a catoblepas
  6989 | D:13     | Noticed a centaur warrior
  7041 | D:13     | Noticed a boulder beetle
  7047 | D:13     | Noticed a seven-headed hydra
  7047 | D:13     | Noticed a two-headed ogre
  7053 | D:13     | HP: 4/102 [seven-headed hydra (3)]
  7054 | D:13     | Slain by a seven-headed hydra

Illustrated notes

Levels and vault maps discovered:
D:1:      lemuel_arrival_tunnels, layout_basic, grunt_decor_junction
D:2:      cheibrodos_old_hovel, layout_loops_cross, basic_ecumenical_altar,
          serial_shops, nicolae_shop_temple_entry_statues_fountains,
          uniq_natasha, uniq_terence
D:3:      layout_loops_corners, mainiacjoe_overflow_small_starburst,
          grunt_decor_cap, grunt_decor_one_mirror
D:4:      layout_rooms, jmf_multi_god_temple2, temple_pool_b, uniq_ijyb
D:5:      layout_basic, mainiacjoe_overflow_24_doors, minmay_misc_feat_iff
D:6:      layout_basic, zin_treasury, chequers_jeans,
          mumra_transporter_accident, kennysheep_small_circle
D:7:      layout_rooms, fedhas_bush_and_centaur_altar,
          mainiacjoe_overflow_alcove_2, nicolae_ru_path_of_blood,
          gammafunk_ghost_abyssal_escape
D:8:      layout_gridville, uniq_maggie
D:9:      layout_cave_pools, mainiacjoe_overflow_six_doors_small, serial_shops,
          shop
D:10:     layout_rooms, serial_shops, nicolae_shop_statue_plus,
          evilmike_butchery
D:11:     layout_long_grid, grunt_lair_entry_orc_guard_hut, david_greed
D:13:     cheibrodos_elevator_heist, layout_rooms, nicolae_trove_entry_isolated,
          grunt_ministairs_8, worms_lemuel
D:14:     layout_loops_ring, hangedman_vaults_entry_quadrant_bands,
          nicolae_qazlal_general_emergency
Temple:   nicolae_temple_figure_eight

Skill      XL: |  1  2  3  4  5  6  7  8  9 10 11 |
---------------+----------------------------------+-----
Unarmed Combat | 1 2 3 4 5 6 9 10 | 10.0
Fighting       | 1 2 3 4 5 |  5.0
Shields        | 7 9 |  9.0
Armour         | 4 6 |  6.1
Dodging        | |  1.5
Stealth        | |  1.0
Spellcasting   | |  1.2
Conjurations   | |  0.6
Fire Magic     | |  2.1

Action                   |  1- 3 |  4- 6 |  7- 9 | 10-12 || total
-------------------------+-------+-------+-------+-------++-------
Melee: Unarmed           |    70 |   133 |   303 |   182 ||   688
       Punch             |       |       |    10 |       ||    10
Evoke: Wand              |       |       |       |     3 ||     3
  Use: Scroll            |       |       |     4 |     5 ||     9
       Potion            |       |       |     3 |       ||     3
 Stab: Sleeping          |     1 |     2 |     2 |       ||     5
       Petrifying        |       |       |       |     1 ||     1
Armor: Robe              |    29 |    37 |    18 |       ||    84
       Acid dragon scale |       |       |    83 |    61 ||   144
Dodge: Dodged            |    37 |    63 |   138 |    73 ||   311
Block: Kite shield       |       |       |    56 |    88 ||   144
